AoeStats
← J6X16

Arena

510221840Analyzed
1v1 RM · 3d ago on Sep 30, 2026· 49m 5s· 2 players
Game mode
Random Map
Map size
Tiny (2 player)
Population
200
Speed
Normal
Resources
Standard
Victory
Conquest
Starting age
Dark Age
Ending age
Imperial Age
RankedLock teamsTeams togetherTeam positionsShared explorationLock speedFull tech treeHidden civsTurbo modeCheats
Victory
Defeat
🇹🇼 Poles · Taiwan
803
+15
🇺🇸 Japanese · United States
772
-15
J6X16
7:10 Loom
9:20 Feudal Age
12:20 Double-Bit Axe
13:13 Horse Collar
16:57 Man-at-Arms
20:13 Castle Age
21:16 Thumb Ring
21:04 Crossbowman
25:29 Wheelbarrow
28:55 Squires
33:58 Bow Saw
33:55 Scale Mail Armor
34:06 Forging
38:10 Imperial Age
36:24 Pikeman
bill3709
10:55 Feudal Age
13:08 Double-Bit Axe
15:38 Castle Age
14:13 Horse Collar
16:58 Bow Saw
30:00 Imperial Age
29:38 Light Cavalry
30:29 Bloodlines
30:20 Husbandry
34:55 Wheelbarrow
34:06 Loom
34:12 Winged Hussar
35:04 Heavy Plow
36:15 Lechitic Legacy
36:15 Conscription
39:49 Hand Cart
39:19 Town Watch
39:59 Cavalier
40:53 Forging
40:48 Scale Barding Armor
40:44 Scale Mail Armor
42:27 Iron Casting
43:26 Chain Barding Armor
44:20 Chain Mail Armor
44:16 Szlachta Privileges
43:31 Elite Obuch
45:48 Chemistry
44:44 Murder Holes
46:22 Elite Skirmisher
47:08 Thumb Ring
46:24 Crossbowman
46:58 Fletching
47:09 Padded Archer Armor
50:04 Plate Mail Armor
50:35 Blast Furnace
49:31 Bodkin Arrow
49:51 Leather Archer Armor
Connection lost

Rejoining the realm…

Still unreachable

The connection could not be restored.

Session expired

The server has moved on; the page needs a fresh start.